[Event "Titled Tuesday Blitz November 14 Early 2023"]
[White "Baskakov, Egor"]
[Black "djokovic74"]
[WhiteFideId "24197866"]
[WhiteElo "2906"]
[BlackElo "2728"]
[Result "1-0"]
[Round "6"]
[TimeControl "180+1"]
[Date "2023.11.14"]
[WhiteClock "0:00:12"]
[BlackClock "0:00:00"]
[Board "38"]

1. e4 e6 2. Nc3 d5 3. g3 Nf6 4. Bg2 Be7 5. Nge2 O-O 6. O-O dxe4 7. Nxe4 Nxe4 8. Bxe4 Nd7 9. Bg2 Nf6 10. d4 c6 11. c4 Bd6 12. h3 Qe7 13. Nc3 Rd8 14. Re1 h6 15. Qc2 Bd7 16. Be3 Rac8 17. Rad1 Be8 18. Qb3 b6 19. Re2 Qc7 20. Rde1 c5 21. d5 exd5 22. Nxd5 Nxd5 23. Bxd5 Bc6 24. Bxc6 Qxc6 25. Bd2 Re8 26. Qd3 Bc7 27. Bc3 Rxe2 28. Qxe2 Qd7 29. Kg2 Rd8 30. Qf3 Bd6 31. Rd1 Qc7 32. Rd5 Bf8 33. b3 Qc8 34. h4 Rxd5 35. Qxd5 Qc7 36. Be5 Qe7 37. Kf3 Qe8 38. Bf4 Qe7 39. Qa8 Qd7 40. Kg2 h5 41. Bb8 a5 42. Bf4 f6 43. Qf3 g6 44. Qe4 Kf7 45. Qa8 Be7 46. Qh8 Qf5 47. Qh7+ Ke6 48. Qg8+ Kd7 49. Qb8 Qe4+ 50. Kh2 Qc6 51. Qg8 Qe4 52. Qb8 Qc6 53. Kg1 Ke6 54. Qg8+ Kf5 55. Qf7 Kg4 56. Qxg6+ Kf3 57. Qxh5+ Ke4 58. Qg4 f5 59. Qe2+ Kd4 60. Qxe7 Kd3 61. Qe3+ Kc2 62. Qd2+ Kb1 63. Be5 Qe4 64. Qd1+ Kxa2 65. Bg7 f4 66. Qd2+ Kxb3 67. Qxf4 Qb1+ 68. Kg2 a4 69. h5 a3 70. h6 a2 71. Qf6 Qe4+ 72. Kh2 Qe2 73. Qc3+ Ka4 74. Qb2 Qxc4 75. h7 Qf7 76. h8=Q 1-0


[Site "https://www.chess.com"]

[Event "Titled Tuesday Blitz November 14 Early 2023"]
[White "Tristan, Leonardo"]
[Black "Kovalev, Vladislav"]
[WhiteFideId "113816"]
[BlackFideId "13504398"]
[WhiteElo "2725"]
[BlackElo "2900"]
[Result "0-1"]
[Round "6"]
[TimeControl "180+1"]
[Date "2023.11.14"]
[WhiteClock "0:00:00"]
[BlackClock "0:00:56"]
[Board "39"]

1. d4 Nf6 2. Bf4 e6 3. Nf3 d5 4. e3 c5 5. c3 Nc6 6. Nbd2 cxd4 7. exd4 Nh5 8. Be3 Bd6 9. Ne5 g6 10. Nd3 O-O 11. g3 f5 12. Bh6 Re8 13. f4 Be7 14. Be2 Nf6 15. Bg5 Ne4 16. Bxe7 Qxe7 17. Nf3 b6 18. Nde5 Na5 19. Bd3 Bb7 20. Qe2 Rac8 21. Rg1 Nc4 22. h4 b5 23. h5 gxh5 24. Bxc4 dxc4 25. Nh4 Nf6 26. a3 a5 27. Kd2 Be4 28. Nhf3 b4 29. axb4 axb4 30. Ng5 Bd5 31. Ke3 Ng4+ 32. Nxg4 hxg4 33. Ra5 h6 34. Qh2 hxg5 35. Rga1 gxf4+ 36. gxf4 Qh7 37. Qg3 Qh3 38. Kf2 Qxg3+ 39. Kxg3 bxc3 40. bxc3 Rc7 41. Ra7 Rxa7 42. Rxa7 Kf8 43. Kh4 Re7 44. Ra8+ Kf7 45. Rb8 Rb7 46. Rh8 Ke7 47. Kg5 Kd6 48. Kf6 Kc6 49. Ke5 g3 50. Rg8 g2 51. Rg6 Kb5 52. Kd6 Ka4 53. Rg8 Kb3 54. Rg3 Rh7 55. Ke5 Rh1 56. Rxg2 Bxg2 57. d5 Bxd5 0-1


[Site "https://www.chess.com"]

[Event "Titled Tuesday Blitz November 14 Early 2023"]
[White "Begmuratov, Alisher"]
[Black "Chigaev, Maksim"]
[WhiteFideId "14203367"]
[BlackFideId "4108116"]
[WhiteElo "2717"]
[BlackElo "2897"]
[Result "0-1"]
[Round "6"]
[TimeControl "180+1"]
[Date "2023.11.14"]
[WhiteClock "0:00:08"]
[BlackClock "0:00:10"]
[Board "40"]

1. e4 c5 2. Nf3 d6 3. Bb5+ Nc6 4. O-O Bd7 5. Re1 Nf6 6. h3 a6 7. Bf1 e5 8. c3 Be7 9. d4 h6 10. Na3 O-O 11. dxc5 dxc5 12. Nc4 Qc7 13. Qc2 b5 14. Ne3 Be6 15. Nf5 Rfd8 16. g4 Nh7 17. a4 c4 18. Be3 Bg5 19. Qc1 Bxe3 20. Qxe3 Nf8 21. Qc5 Bxf5 22. exf5 Nd7 23. Qe3 Re8 24. axb5 axb5 25. Rxa8 Rxa8 26. Nd2 Nf6 27. Bg2 Rd8 28. Nf1 e4 29. Bxe4 Re8 30. Ng3 Ne5 31. Qc1 Nxe4 32. Rxe4 Nf3+ 33. Kg2 Nh4+ 34. Kf1 Rxe4 35. Nxe4 Qh2 36. Qe3 Qh1+ 37. Ke2 Qb1 38. f6 Qxb2+ 39. Nd2 gxf6 40. Qxh6 Ng6 41. Qe3 b4 42. cxb4 c3 43. Qd4 Ne5 44. g5 Nc6 45. Qe3 cxd2 46. Qe8+ Kg7 47. gxf6+ Qxf6 48. Kxd2 Nxb4 49. Qe3 Qb2+ 50. Kd1 Qb1+ 51. Ke2 Qc2+ 52. Kf3 Qd3 53. Qxd3 Nxd3 54. Ke3 Nc5 55. Kd4 Ne6+ 56. Ke5 Kg6 57. Ke4 Ng5+ 58. Kf4 Nxh3+ 59. Kg4 Ng5 60. f4 f5+ 61. Kg3 Ne6 0-1


[Site "https://www.chess.com"]

[Event "Titled Tuesday Blitz November 14 Early 2023"]
[White "Klukin, Kirill"]
[Black "Ladopoulos, Dimitrios"]
[WhiteFideId "24199273"]
[BlackFideId "4239580"]
[WhiteElo "2857"]
[BlackElo "2714"]
[Result "1-0"]
[Round "6"]
[TimeControl "180+1"]
[Date "2023.11.14"]
[WhiteClock "0:01:23"]
[BlackClock "0:00:39"]
[Board "41"]

1. d4 d5 2. c4 e6 3. Nc3 Nf6 4. Bg5 Be7 5. Nf3 dxc4 6. e3 a6 7. Bxc4 b5 8. Bd3 Bb7 9. Qc2 c5 10. dxc5 Nbd7 11. b4 a5 12. Nxb5 Bxf3 13. gxf3 Ne5 14. Be2 axb4 15. Bf4 Qb8 16. Qb2 1-0


[Site "https://www.chess.com"]

[Event "Titled Tuesday Blitz November 14 Early 2023"]
[White "Timofeev, Artyom"]
[Black "Martinez Ramirez, Lennis"]
[WhiteFideId "4140419"]
[BlackFideId "3509079"]
[WhiteElo "2834"]
[BlackElo "2704"]
[Result "1-0"]
[Round "6"]
[TimeControl "180+1"]
[Date "2023.11.14"]
[WhiteClock "0:00:09"]
[BlackClock "0:00:07"]
[Board "42"]

1. c4 e5 2. e3 Nf6 3. Nc3 c6 4. Nf3 e4 5. Nd4 Bc5 6. d3 d5 7. cxd5 cxd5 8. dxe4 dxe4 9. Nb3 Qxd1+ 10. Kxd1 Bd6 11. h3 a6 12. g4 Be5 13. Bg2 Bxc3 14. bxc3 h6 15. Nd2 Bd7 16. Nxe4 Nxe4 17. Bxe4 Bc6 18. Bxc6+ Nxc6 19. Ke2 h5 20. Ba3 Ne5 21. Bc5 O-O-O 22. Bd4 Rde8 23. a4 Rh6 24. Rag1 hxg4 25. hxg4 Rg6 26. g5 Nc6 27. f4 Rge6 28. Rh3 g6 29. Kd3 Kc7 30. Rf1 Rd6 31. Kc2 Rd5 32. Rh7 Nxd4+ 33. exd4 Rf5 34. Kd3 Kc6 35. c4 b5 36. cxb5+ axb5 37. a5 Kd5 38. a6 Re4 39. Ra1 Rxd4+ 40. Ke3 Re4+ 41. Kd2 Re8 42. a7 Ra8 43. Ke3 Kc6 44. Ra6+ Kb7 45. Rf6 Rxf6 46. gxf6 Rf8 47. Kd4 Kxa7 48. Kc5 Ka6 49. Kd6 b4 50. Ke7 Rb8 51. Kxf7 b3 52. Rh1 b2 53. Rb1 Rb4 54. Kxg6 Rxf4 55. Rxb2 Rg4+ 56. Kf7 Rg2 57. Rxg2 1-0


[Site "https://www.chess.com"]

[Event "Titled Tuesday Blitz November 14 Early 2023"]
[White "Mikhailovsky, Vladimir"]
[Black "Hua, Lefong"]
[WhiteFideId "34105414"]
[BlackFideId "2602253"]
[WhiteElo "2822"]
[BlackElo "2693"]
[Result "0-1"]
[Round "6"]
[TimeControl "180+1"]
[Date "2023.11.14"]
[WhiteClock "0:00:00"]
[BlackClock "0:01:08"]
[Board "43"]

1. e4 c5 2. Nf3 g6 3. d4 cxd4 4. Qxd4 Nf6 5. Nc3 Nc6 6. Qa4 d6 7. e5 dxe5 8. Nxe5 Bg7 9. Bb5 O-O 10. Nxc6 bxc6 11. Bxc6 Bd7 12. Bxd7 Qxd7 13. Qxd7 Nxd7 14. Bd2 Rfc8 15. O-O-O Nb6 16. Rhe1 e6 17. Ne4 Nc4 18. Bc3 Bxc3 19. Nxc3 Nxb2 20. Kxb2 Rab8+ 21. Kc1 Rxc3 22. Rd7 Ra3 23. Re3 Rxa2 24. Rf3 Rc8 25. Rfxf7 Rcxc2+ 26. Kb1 Rcb2+ 27. Kc1 Rxf2 28. Rg7+ Kf8 29. Kb1 Rae2 0-1


[Site "https://www.chess.com"]

[Event "Titled Tuesday Blitz November 14 Early 2023"]
[White "Materia, Marco"]
[Black "Dowgird, Filip"]
[WhiteFideId "45150451"]
[BlackFideId "1121235"]
[WhiteElo "2810"]
[BlackElo "2680"]
[Result "0-1"]
[Round "6"]
[TimeControl "180+1"]
[Date "2023.11.14"]
[WhiteClock "0:00:19"]
[BlackClock "0:00:10"]
[Board "44"]

1. Nf3 d6 2. d4 Bg4 3. e4 Nf6 4. Nc3 e6 5. h3 Bh5 6. Bd3 c6 7. Be3 d5 8. e5 Nfd7 9. Ne2 Bxf3 10. gxf3 c5 11. c3 cxd4 12. cxd4 Qb6 13. b3 Nc6 14. f4 g6 15. h4 h5 16. Kf1 Rc8 17. Rc1 Ndb8 18. f5 gxf5 19. Ng3 Ba3 20. Rc2 Na6 21. Nxh5 Nab4 22. Nf6+ Kd8 23. Bg5 Kc7 24. Rd2 Qxd4 25. Bxf5 Qxe5 26. Bh3 Qc3 27. Bf4+ e5 28. Bg5 Rcd8 29. Rxd5 Nxd5 30. Nxd5+ Rxd5 31. Qxd5 Kb8 32. Qxf7 Bc5 33. Rh2 Rf8 34. Qc4 Qa1+ 35. Qc1 Qd4 36. Qe1 e4 37. Rg2 Ne5 38. Bh6 Qd3+ 39. Qe2 Qxh3 40. Bxf8 Qh1+ 41. Rg1 Qh3+ 42. Ke1 Nf3+ 43. Qxf3 Qxf3 44. Bxc5 Qc3+ 45. Ke2 Qxc5 46. Rh1 Qh5+ 47. Kd2 Qf3 48. Rf1 e3+ 49. Ke1 exf2+ 50. Rxf2 Qh1+ 51. Kd2 Qxh4 52. Rf8+ Kc7 53. Kc2 Qh2+ 54. Kb1 Qh1+ 55. Kb2 Qg2+ 56. Ka3 Qc6 57. Rf7+ Kb6 58. Rf1 Qc5+ 59. Kb2 Qd4+ 60. Ka3 Qd6+ 61. Kb2 Qd2+ 62. Ka3 Ka6 63. Rf6+ b6 64. Rf7 Qc1+ 65. Ka4 Qb2 66. a3 b5+ 67. Kb4 Qd4# 0-1


[Site "https://www.chess.com"]

[Event "Titled Tuesday Blitz November 14 Early 2023"]
[White "Vlassov, Nikolai"]
[Black "Lobanov, Sergei"]
[WhiteFideId "4103360"]
[BlackFideId "24183750"]
[WhiteElo "2605"]
[BlackElo "2808"]
[Result "1-0"]
[Round "6"]
[TimeControl "180+1"]
[Date "2023.11.14"]
[WhiteClock "0:00:32"]
[BlackClock "0:00:02"]
[Board "45"]

1. e4 e5 2. Bc4 Nf6 3. d3 Nc6 4. Nf3 Bc5 5. Bg5 d6 6. Nc3 h6 7. Bh4 g5 8. Bg3 a6 9. Nd2 Qe7 10. h4 g4 11. h5 Be6 12. Bh4 Bxc4 13. Nxc4 Qe6 14. Ne3 Rg8 15. Ned5 Nxd5 16. exd5 Qd7 17. dxc6 Qxc6 18. Ne4 f5 19. Nf6+ Kf8 20. Nxg8 Qxg2 21. Kd2 Kxg8 22. Qe2 Kf7 23. c3 Re8 24. Rae1 Bb6 25. Kc2 Qd5 26. Kb1 a5 27. Rhf1 Qf3 28. Qxf3 gxf3 29. Rg1 e4 30. d4 d5 31. Rg6 Re6 32. Rxe6 Kxe6 33. Rg1 f4 34. Kc2 c6 35. Rg6+ Kd7 36. Rxh6 e3 37. Kd3 e2 38. Kd2 c5 39. Bf6 cxd4 40. Bxd4 Bd8 41. Rh7+ Kd6 42. h6 1-0


[Site "https://www.chess.com"]

[Event "Titled Tuesday Blitz November 14 Early 2023"]
[White "Kopylov, Alexander A."]
[Black "Sousa, Andre Ventura"]
[WhiteFideId "4164857"]
[BlackFideId "1917617"]
[WhiteElo "2798"]
[BlackElo "2626"]
[Result "1-0"]
[Round "6"]
[TimeControl "180+1"]
[Date "2023.11.14"]
[WhiteClock "0:00:25"]
[BlackClock "0:00:07"]
[Board "46"]

1. d4 Nf6 2. Nf3 e6 3. g3 b5 4. Bg2 Bb7 5. O-O d6 6. a4 a6 7. c3 Nbd7 8. Qb3 Bd5 9. Qc2 Be4 10. Qd1 Be7 11. Nbd2 Bc6 12. Re1 bxa4 13. e4 O-O 14. Qc2 Nb6 15. h4 h6 16. Nf1 Ng4 17. Bh3 f5 18. d5 Bb7 19. Nd4 Ne5 20. f4 exd5 21. fxe5 fxe4 22. Ne6 Qd7 23. Qg2 Qb5 24. Nxf8 Rxf8 25. exd6 Bxd6 26. Be3 Nc4 27. Rad1 Nxb2 28. Rb1 a3 29. Re2 a2 30. Ra1 Nd1 31. Rxd1 Qb1 32. Ree1 Qb3 33. Ra1 Qxc3 34. Qd2 Qc6 35. Rxa2 Qe8 36. Rb2 Bc6 37. Rc2 Bb5 38. Qxd5+ Kh8 39. Rf2 Rg8 40. Bf4 Qg6 41. Qxe4 Qh5 42. Bxd6 cxd6 43. Qf5 Qxf5 44. Bxf5 Bc4 45. Be6 d5 46. Bxg8 Kxg8 47. Re6 Kh7 48. Rd6 a5 49. Ne3 Bb3 50. Nxd5 a4 51. Rd7 a3 52. h5 a2 53. Nf6+ Kh8 54. Rd8+ Bg8 55. Rxg8# 1-0


[Site "https://www.chess.com"]

[Event "Titled Tuesday Blitz November 14 Early 2023"]
[White "Reprintsev, Alexander"]
[Black "Sokolovsky, Yahli"]
[WhiteFideId "14100541"]
[BlackFideId "2820242"]
[WhiteElo "2556"]
[BlackElo "2761"]
[Result "0-1"]
[Round "6"]
[TimeControl "180+1"]
[Date "2023.11.14"]
[WhiteClock "0:00:21"]
[BlackClock "0:00:19"]
[Board "47"]

1. e4 d6 2. d4 g6 3. Nc3 Bg7 4. Nf3 a6 5. Be3 b5 6. Qd2 Bb7 7. Bd3 Nd7 8. a4 b4 9. Ne2 c5 10. c3 bxc3 11. bxc3 a5 12. O-O Ngf6 13. Ng3 O-O 14. h3 Qc7 15. Rab1 Rfb8 16. Bh6 Bh8 17. Rfe1 e5 18. dxe5 Nxe5 19. Bb5 Nxf3+ 20. gxf3 Nd7 21. f4 Nf8 22. f5 Nd7 23. f4 Rd8 24. Bxd7 Rxd7 25. c4 Bc6 26. h4 Bxa4 27. fxg6 hxg6 28. h5 Bc6 29. hxg6 fxg6 30. f5 Qd8 31. Bg5 Bf6 32. Bxf6 Qxf6 33. Rb6 Rc8 34. Qf4 Rg7 35. Rd1 gxf5 36. Rxd6 Qa1+ 37. Kf2 Bxe4 38. Rg6 Rd8 39. Rxg7+ Qxg7 40. Nxe4 fxe4 41. Qxe4 Qf7+ 42. Kg3 Qc7+ 43. Kf2 Qxb6 44. Qg4+ Kf7 0-1


[Site "https://www.chess.com"]

[Event "Titled Tuesday Blitz November 14 Early 2023"]
[White "ilya2700"]
[Black "Korchmar, Vasiliy"]
[BlackFideId "24131750"]
[WhiteElo "2287"]
[BlackElo "2754"]
[Result "0-1"]
[Round "6"]
[TimeControl "180+1"]
[Date "2023.11.14"]
[WhiteClock "0:00:06"]
[BlackClock "0:00:03"]
[Board "48"]

1. d4 d5 2. c4 e6 3. Nf3 Nf6 4. Nc3 dxc4 5. e3 a6 6. a4 b6 7. Bxc4 Bb7 8. O-O Bb4 9. Bd3 O-O 10. Re1 c5 11. Qe2 Nbd7 12. Rd1 Qe7 13. Ne5 Nxe5 14. dxe5 Bxc3 15. bxc3 Nd7 16. c4 Rfd8 17. Bb2 Nf8 18. Rd2 Rd7 19. Rad1 Rad8 20. f4 Bc6 21. Ra1 Be4 22. Rad1 Bc6 23. Ra1 Ng6 24. Bc3 Qe8 25. a5 b5 26. cxb5 axb5 27. Bxg6 hxg6 28. a6 b4 29. Rxd7 Qxd7 30. Be1 Bb5 31. Qc2 Qa7 32. Bf2 Bxa6 33. e4 Rc8 34. Bxc5 Rxc5 35. Rxa6 Qxa6 36. Qxc5 Qa1+ 37. Kf2 Qb2+ 38. Kg3 Qc3+ 39. Qxc3 bxc3 0-1


[Site "https://www.chess.com"]

[Event "Titled Tuesday Blitz November 14 Early 2023"]
[White "Yeletsky, Ivan"]
[Black "Pourkashiyan, Atousa"]
[WhiteFideId "24180327"]
[BlackFideId "12502014"]
[WhiteElo "2900"]
[BlackElo "2527"]
[Result "1-0"]
[Round "6"]
[TimeControl "180+1"]
[Date "2023.11.14"]
[WhiteClock "0:01:25"]
[BlackClock "0:00:00"]
[Board "49"]

1. d4 Nf6 2. c4 e6 3. a3 d5 4. cxd5 exd5 5. Nc3 c6 6. Bg5 Be7 7. e3 O-O 8. Bd3 Nbd7 9. Bf4 Re8 10. h3 Nf8 11. Nf3 Bd6 12. O-O Bxf4 13. exf4 Ne4 14. Qc2 Nxc3 15. bxc3 Qf6 16. Rfe1 Bd7 17. g3 Bxh3 18. Ng5 Bg4 19. Bxh7+ Kh8 20. Bd3 Rxe1+ 21. Rxe1 Ne6 22. Re5 g6 23. Kg2 Kg7 24. f3 Nxg5 25. fxg4 Ne4 26. Bxe4 dxe4 27. Qxe4 Rh8 28. Re7 Qd6 29. Qe5+ Qxe5 30. fxe5 Rb8 31. g5 Kf8 32. Rc7 a5 33. Kf3 b5 34. Rxc6 b4 35. axb4 axb4 36. cxb4 Rxb4 37. Rd6 Rb3+ 38. Kf4 Ke7 39. Ra6 Rb1 40. d5 Rf1+ 41. Kg4 Rd1 42. Ra7+ Ke8 43. d6 Re1 44. Kf4 Rf1+ 45. Kg4 Re1 46. Re7+ Kf8 47. Kf4 Rf1+ 48. Ke4 Re1+ 49. Kd5 Rd1+ 50. Kc6 Rc1+ 51. Kd7 Ra1 52. Rxf7+ Kxf7 53. e6+ Kg7 54. e7 Ra7+ 55. Ke6 Ra8 56. d7 Ra6+ 57. Ke5 Ra5+ 58. Ke4 Ra4+ 59. Ke3 Ra3+ 60. Kd2 Ra2+ 61. Kc3 Ra3+ 62. Kb4 1-0


[Site "https://www.chess.com"]

[Event "Titled Tuesday Blitz November 14 Early 2023"]
[White "Demin, Vladimir"]
[Black "Rustemov, Alexander"]
[WhiteFideId "4167457"]
[BlackFideId "4119002"]
[WhiteElo "2598"]
[BlackElo "2898"]
[Result "0-1"]
[Round "6"]
[TimeControl "180+1"]
[Date "2023.11.14"]
[WhiteClock "0:00:00"]
[BlackClock "0:00:20"]
[Board "50"]

1. d4 g6 2. e4 Bg7 3. Nc3 d6 4. Be3 a6 5. a4 b6 6. h4 h6 7. Qd2 Bb7 8. Bc4 Nd7 9. O-O-O b5 10. Bd5 Bxd5 11. Nxd5 e6 12. Nc3 Nb6 13. Qd3 Nxa4 14. Nxa4 bxa4 15. Ne2 Ne7 16. Qc4 Qd7 17. Nc3 a3 18. bxa3 O-O 19. f4 d5 20. Qa4 Qxa4 21. Nxa4 dxe4 22. Nc5 Nd5 23. Rhe1 Nc3 24. Rd2 Rfb8 25. Nb3 f5 26. Kb2 Nd5 27. Ka2 Rb6 28. a4 Rab8 29. g3 Bf8 30. a5 Rb4 31. Kb2 Rc4 32. Rdd1 Bb4 33. Bd2 Bxd2 34. Rxd2 Rc3 35. Rg2 h5 36. Ra1 Rb4 37. Re1 Rbc4 38. Ree2 Ne3 39. Rh2 Nd5 40. Rhg2 Kf7 41. Nc5 Rb4+ 42. Nb3 Ke7 43. Re1 Kd6 44. Ree2 e3 45. Rg1 Rbc4 46. Rgg2 Nb4 47. Nc5 Kd5 48. Nb3 Ke4 49. Nc5+ Kf3 50. Nxe6 Rxc2+ 51. Rxc2 Rxc2+ 52. Rxc2 Nxc2 53. Kxc2 e2 54. Ng5+ Kf2 55. Nh3+ Ke3 0-1


[Site "https://www.chess.com"]

[Event "Titled Tuesday Blitz November 14 Early 2023"]
[White "Henriquez Villagra, Cristobal"]
[Black "Zoete, Roelant"]
[WhiteFideId "3409350"]
[BlackFideId "40103269"]
[WhiteElo "2873"]
[BlackElo "2596"]
[Result "1-0"]
[Round "6"]
[TimeControl "180+1"]
[Date "2023.11.14"]
[WhiteClock "0:00:21"]
[BlackClock "0:00:00"]
[Board "51"]

1. e4 c5 2. Bc4 e6 3. d3 a6 4. a3 b5 5. Ba2 Ne7 6. Nh3 g6 7. d4 c4 8. O-O Bg7 9. c3 Bb7 10. Qe2 O-O 11. Bf4 d6 12. Nd2 e5 13. dxe5 dxe5 14. Be3 Nd7 15. b4 h6 16. a4 f5 17. f3 Nf6 18. Rad1 Qc7 19. a5 Rad8 20. Bb6 Qc6 21. Bxd8 Rxd8 22. Nxc4 bxc4 23. Rxd8+ Kh7 24. Qxc4 Qa4 25. Nf2 Qc2 26. Bb3 Qb2 27. Qf7 fxe4 28. Qxe7 exf3 29. Qxb7 fxg2 30. Qxg2 Qxb3 31. Ne4 1-0


[Site "https://www.chess.com"]

[Event "Titled Tuesday Blitz November 14 Early 2023"]
[White "Tasev, Dejan"]
[Black "CrazyAdvenTures"]
[WhiteFideId "936618"]
[WhiteElo "2586"]
[BlackElo "2812"]
[Result "0-1"]
[Round "6"]
[TimeControl "180+1"]
[Date "2023.11.14"]
[WhiteClock "0:00:12"]
[BlackClock "0:00:50"]
[Board "52"]

1. e4 c5 2. Nf3 Nc6 3. Nc3 e5 4. Bc4 g6 5. d3 h6 6. Be3 d6 7. Bb3 Bg7 8. Nd2 Nf6 9. h3 O-O 10. a4 Nd4 11. Ba2 Nh5 12. Bxd4 exd4 13. Nd5 Kh7 14. g4 Nf6 15. Nxf6+ Bxf6 16. Qf3 Be6 17. Bc4 Bg5 18. Bxe6 fxe6 19. Qe2 Bxd2+ 20. Qxd2 Qh4 21. O-O-O Rxf2 22. Qa5 Qd8 23. Qb5 Qb6 24. Qc4 Re8 25. Rhf1 Rxf1 26. Rxf1 Kg7 27. h4 Qb4 28. Qxb4 cxb4 29. Kd2 Rf8 30. Rxf8 Kxf8 31. b3 Ke7 32. Ke2 Kf6 33. Kf3 Ke5 34. g5 hxg5 35. hxg5 d5 36. exd5 Kxd5 37. Kf4 e5+ 38. Kf3 b6 39. Kg3 e4 40. Kf4 e3 41. Kf3 Ke5 0-1


[Site "https://www.chess.com"]

[Event "Titled Tuesday Blitz November 14 Early 2023"]
[White "Molina, Roberto Junio Brito"]
[Black "Derjabin, Ilja"]
[WhiteFideId "2109450"]
[BlackFideId "14104768"]
[WhiteElo "2804"]
[BlackElo "2575"]
[Result "1-0"]
[Round "6"]
[TimeControl "180+1"]
[Date "2023.11.14"]
[WhiteClock "0:00:12"]
[BlackClock "0:00:10"]
[Board "53"]

1. d4 Nf6 2. Nf3 c5 3. e3 g6 4. dxc5 Bg7 5. Nbd2 O-O 6. a3 a5 7. Rb1 Na6 8. Bxa6 Rxa6 9. O-O Qc7 10. b4 axb4 11. axb4 Nd5 12. Ne4 d6 13. Qxd5 Be6 14. Qd2 Ra2 15. cxd6 exd6 16. Nd4 Bf5 17. Nc3 Rxc2 18. Nxc2 Bxc3 19. Qe2 Be5 20. e4 Be6 21. Ne3 d5 22. exd5 Bxh2+ 23. Kh1 Qf4 24. g3 Qh6 25. Ng4 Bxd5+ 26. f3 Qh3 27. Nxh2 Qxg3 28. Bb2 f6 29. Rbd1 Bc6 30. Qf2 Qh3 31. Qg2 Qh4 32. Qg4 Qh6 33. Bc1 Qg7 34. Kg2 f5 35. Qf4 Re8 36. Rfe1 Rf8 37. Be3 Qf7 38. Bd4 Qa2+ 39. Rd2 Qb3 40. Qe5 Bxf3+ 41. Nxf3 1-0


[Site "https://www.chess.com"]

[Event "Titled Tuesday Blitz November 14 Early 2023"]
[White "Ambartsumova, Karina"]
[Black "Gharibyan, Mamikon"]
[WhiteFideId "4166299"]
[BlackFideId "13308300"]
[WhiteElo "2574"]
[BlackElo "2800"]
[Result "1-0"]
[Round "6"]
[TimeControl "180+1"]
[Date "2023.11.14"]
[WhiteClock "0:00:10"]
[BlackClock "0:00:00"]
[Board "54"]

1. d4 Nf6 2. c4 e6 3. Nc3 d5 4. cxd5 exd5 5. Bg5 Bb4 6. Qb3 a5 7. Nf3 h6 8. Bxf6 Qxf6 9. Qxd5 O-O 10. e3 c5 11. Be2 Nc6 12. a3 Rd8 13. Qh5 cxd4 14. exd4 Bxc3+ 15. bxc3 Re8 16. Ra2 Be6 17. Rd2 Bc4 18. Qc5 Bxe2 19. Rxe2 Rxe2+ 20. Kxe2 Re8+ 21. Kd2 Qe6 22. Re1 Qa2+ 23. Kd1 Qb1+ 24. Kd2 Qb2+ 25. Kd1 Rc8 26. Ne5 Na7 27. Qe7 Qb3+ 28. Kd2 Nc6 29. Nxc6 Rxc6 30. Qe3 Qxa3 31. Kd1 Qxc3 32. Qxc3 Rxc3 33. Kd2 Rc7 34. Kd3 b5 35. Rb1 Rb7 36. d5 Kf8 37. Kd4 b4 38. Kc5 Ke8 39. Kc6 Rb8 40. Kc7 Rb5 41. Re1+ Kf8 42. d6 Rc5+ 43. Kb6 Rd5 44. Kc7 Rc5+ 45. Kb6 Rd5 46. Kc6 Rd2 47. d7 f5 48. Re8+ Kf7 49. d8=Q Rxd8 50. Rxd8 b3 51. Rb8 a4 52. Kc5 a3 53. Rxb3 a2 54. Ra3 1-0


[Site "https://www.chess.com"]

[Event "Titled Tuesday Blitz November 14 Early 2023"]
[White "Vestby-Ellingsen, Mads"]
[Black "Vakhlamov, Igor L."]
[WhiteFideId "1520857"]
[BlackFideId "24126748"]
[WhiteElo "2571"]
[BlackElo "2798"]
[Result "0-1"]
[Round "6"]
[TimeControl "180+1"]
[Date "2023.11.14"]
[WhiteClock "0:00:00"]
[BlackClock "0:01:18"]
[Board "55"]

1. e4 c5 2. Nf3 e6 3. d4 cxd4 4. Bg5 Qc7 5. c3 dxc3 6. Nxc3 a6 7. Rc1 Nc6 8. Bd3 Be7 9. Qd2 d6 10. O-O Bd7 11. Nd5 exd5 12. exd5 Nf6 13. dxc6 Bxc6 14. Bxf6 Bxf6 15. Rfe1+ Kf8 16. Be4 h5 17. Nd4 Bxd4 18. Qxd4 Rh6 19. Re3 Re8 20. Rg3 Rf6 21. Bxc6 bxc6 22. Qa4 Qb6 23. Qc2 d5 24. Rb3 Qd4 25. g3 g6 26. Rc3 Ree6 27. Rd3 Qe4 28. Ra3 Qg4 29. Rxa6 Re2 30. Qc5+ Kg7 31. Rxc6 Rfxf2 32. Qxf2 Rxf2 33. Kxf2 Qd4+ 34. Ke2 Qxb2+ 35. R6c2 Qe5+ 36. Kf1 d4 37. Rd2 h4 38. Rcd1 hxg3 39. hxg3 Qxg3 40. Rxd4 Qf3+ 41. Kg1 Qe3+ 42. Kf1 Qf3+ 43. Kg1 g5 44. R1d2 f5 45. a4 g4 46. Rf2 Qe3 47. Rd7+ Kg6 48. Kg2 Qe4+ 49. Kg1 Qxa4 50. Rd5 Qa1+ 51. Kh2 Qh8+ 52. Kg1 g3 53. Rg2 f4 54. Rd6+ Kf5 55. Rd5+ Ke4 56. Ra5 Qc3 57. Ra4+ Kf3 0-1


[Site "https://www.chess.com"]

[Event "Titled Tuesday Blitz November 14 Early 2023"]
[White "Suyarov, Mukhammadzokhid"]
[Black "FREDERICKtheMATE"]
[WhiteFideId "14210495"]
[WhiteElo "2780"]
[BlackElo "2566"]
[Result "1-0"]
[Round "6"]
[TimeControl "180+1"]
[Date "2023.11.14"]
[WhiteClock "0:00:17"]
[BlackClock "0:00:53"]
[Board "56"]

1. e4 c5 2. Nf3 Nc6 3. Bb5 g6 4. O-O Bg7 5. Re1 e5 6. c3 Nge7 7. Na3 O-O 8. Nc4 a6 9. Bxc6 Nxc6 10. Nd6 Qe7 11. Nxc8 Raxc8 12. d3 Rcd8 13. Qb3 b5 14. a4 Qe6 15. Qxe6 dxe6 16. axb5 axb5 17. Be3 Rxd3 18. Bxc5 Rc8 19. Kf1 b4 20. Ke2 Rd7 21. cxb4 Bf8 22. Rec1 Nxb4 23. Bxb4 Rxc1 24. Ra8 Rc2+ 25. Ke3 Rb7 26. Rxf8+ Kg7 27. Nxe5 Rxb4 28. Rxf7+ Kg8 29. Ra7 Rbxb2 30. Ng4 h5 31. Nf6+ Kf8 32. f4 Rxg2 33. Kd4 Rb5 34. Nd7+ Ke8 35. Ne5 h4 36. h3 g5 37. Ra8+ Ke7 38. Ra7+ Kd8 39. Nf7+ Ke8 40. Nd6+ 1-0


[Site "https://www.chess.com"]

[Event "Titled Tuesday Blitz November 14 Early 2023"]
[White "Ozates, Tuna"]
[Black "Llorente Zaro, Alfonso"]
[WhiteFideId "6354521"]
[BlackFideId "2254131"]
[WhiteElo "2565"]
[BlackElo "2769"]
[Result "0-1"]
[Round "6"]
[TimeControl "180+1"]
[Date "2023.11.14"]
[WhiteClock "0:00:03"]
[BlackClock "0:00:07"]
[Board "57"]

1. e4 c6 2. d4 d5 3. exd5 cxd5 4. c4 Nf6 5. Nc3 g6 6. cxd5 Nbd7 7. g3 Bg7 8. Bg2 O-O 9. Nge2 Nb6 10. Nf4 h6 11. O-O g5 12. Nh5 Nbxd5 13. Nxg7 Kxg7 14. Re1 Be6 15. Qd2 Nxc3 16. bxc3 Bd5 17. Ba3 Bxg2 18. Kxg2 Re8 19. Re5 e6 20. Rae1 Rc8 21. Bb2 Rc4 22. f4 Nd7 23. R5e2 Qf6 24. fxg5 hxg5 25. Rf2 Qg6 26. d5 e5 27. Ref1 f6 28. Kg1 Rec8 29. d6 R4c5 30. c4 Rxc4 31. Qd5 R8c6 32. Qe6 Qf7 33. Qf5 Qe8 34. h4 g4 35. h5 Rxd6 36. h6+ Kh8 37. Rc2 Rxc2 38. Qxc2 Rc6 39. Qf5 Qe6 40. Qg6 Qg8 41. Qf5 Nf8 42. Bxe5 fxe5 43. Qxe5+ Kh7 44. Qe7+ Kxh6 45. Qh4+ Kg7 46. Qxg4+ Ng6 47. Qd7+ Kh6 48. Qh3+ Kg7 49. Qd7+ Kh8 50. Qd4+ Qg7 51. Qd8+ Kh7 52. Rf2 Rc1+ 53. Kg2 Rc7 54. Qg5 Rf7 55. Qh5+ Kg8 56. Rd2 Qe5 57. Qxg6+ Kf8 58. Rf2 Rxf2+ 59. Kxf2 Qb2+ 60. Kg1 Qa1+ 61. Kh2 Qxa2+ 62. Kh3 Qd5 63. Qf6+ Ke8 64. Qh8+ Kd7 65. Qg7+ Kd6 66. Qf8+ Kc6 67. Qe8+ Qd7+ 68. Qxd7+ Kxd7 69. Kh4 Ke7 70. Kh5 Kf8 71. Kg6 Kg8 72. Kf6 a5 73. Ke5 a4 74. Kd4 b5 75. Kc3 Kg7 0-1


[Site "https://www.chess.com"]